 Dungeon Crawl Stone Soup version 0.25.1-2-g60ff931df9 (webtiles) character file.

Game seed: 18292553328093415088

44884 nikku the Eclecticist (level 13, -10/76 HPs)
             Began as a Deep Elf Ice Elementalist on Dec 7, 2020.
             Was a High Priest of Vehumet.
             Shot with an arrow by a centaur warrior (12 damage)
             ... on level 11 of the Dungeon.
             The game lasted 01:57:15 (23236 turns).

nikku the Eclecticist (Deep Elf Ice Elementalist)  Turns: 23236, Time: 01:57:15

Health: -10/76     AC: 16    Str: 19    XL:     13   Next: 98%
Magic:  4/34       EV: 22    Int: 22    God:    Vehumet [*****.]
Gold:   661        SH:  5    Dex: 25    Spells: 13/43 levels left

rFire    + . .     SeeInvis +   q - +3 glaive of Jetulaz {vorpal, rF+ Dex+4}
rCold    . . .     Gourm    .   (shield currently unavailable)
rNeg     . . .     Faith    .   s - +5 ring mail of Honesty {Str+10}
rPois    .         Spirit   .   h - +2 hat {SInv}
rElec    .         Reflect  +   (no cloak)
rCorr    +         Harm     .   I - +1 pair of gloves
MR       +....                  H - +1 pair of boots
Stlth    ++........             y - amulet of reflection
HPRegen  0.22/turn              l - ring of resist corrosion
MPRegen  0.24/turn              f - +6 ring of dexterity

@: frozen ramparts, slowed, very slow
A: no striking features
a: Renounce Religion


You were on level 11 of the Dungeon.
You worshipped Vehumet.
Vehumet was extremely pleased with you.
You were not hungry.

You visited 2 branches of the dungeon, and saw 17 of its levels.

You collected 1011 gold pieces.
You spent 350 gold pieces at shops.

Inventory:

Hand Weapons
 q - the +3 glaive of Jetulaz (weapon) {vorpal, rF+ Dex+4}
   (You found it on level 4 of the Dungeon)

   It inflicts extra damage upon your enemies.
   It affects your dexterity (+4).
   It protects you from fire.
Missiles
 i - 5 atropa-tipped darts
 u - a throwing net
 v - 47 poisoned darts (quivered)
 B - 22 curare-tipped darts
Armour
 h - a +2 hat of see invisible (worn)
 m - a +1 helmet
 o - +0 swamp dragon scales
 s - the +5 ring mail of Honesty (worn) {Str+10}
   (You found it on level 5 of the Dungeon)

   It affects your strength (+10).
 H - a +1 pair of boots (worn)
 I - a +1 pair of gloves (worn)
 L - +0 steam dragon scales
Magical Staves
 b - an uncursed staff of fire
Jewellery
 f - a +6 ring of dexterity (right hand)
 l - a ring of resist corrosion (left hand)
 y - an amulet of reflection (around neck)
Wands
 t - a wand of iceblast (10)
 x - a wand of flame (59)
 A - a wand of polymorph (17)
 D - a wand of paralysis (7)
Scrolls
 d - 2 scrolls of identify
 p - 4 scrolls of enchant weapon
 r - 6 scrolls of fog
 w - 2 scrolls of fear
 z - a scroll of enchant armour
 C - 5 scrolls of amnesia
 G - 2 scrolls of magic mapping
 J - a scroll of brand weapon
 M - 2 scrolls of immolation {unknown}
Potions
 a - a potion of stabbing {unknown}
 e - 3 potions of brilliance
 g - 4 potions of mutation
 j - a potion of magic {unknown}
 k - 2 potions of might
 n - 2 potions of haste
 K - 2 potions of lignification
Miscellaneous
 E - a phantom mirror
 F - a lightning rod (4/4)
Comestibles
 c - 38 rations


   Skills:
 - Level 7.0 Fighting
 + Level 11.9 Dodging
 - Level 2.4 Stealth
 + Level 15.9 Spellcasting
 + Level 8.7 Conjurations
 - Level 9.0 Summonings
 - Level 5.0 Translocations
 - Level 8.0 Fire Magic
 - Level 9.0 Ice Magic
 - Level 4.0 Air Magic
 + Level 3.2 Earth Magic


You had 13 spell levels left.
You knew the following spells:

 Your Spells              Type           Power        Failure   Level  Hunger
a - Shock                 Conj/Air       ####         1%          1    None
b - Freeze                Ice            ####         1%          1    None
c - Frozen Ramparts       Ice            ######       1%          3    None
d - Summon Ice Beast      Ice/Summ       ######..     1%          4    None
e - Iskenderun's Mystic   Conj/Tloc      #####...     1%          4    None
f - Fireball              Conj/Fire      ######....   1%          5    ##.....
g - Iron Shot             Conj/Erth      #####.....   19%         6    ####...
h - Freezing Cloud        Conj/Ice/Air   #####.....   12%         6    ####...

Your spell library contained the following spells:

 Spells                   Type           Power        Failure   Level  Hunger
 Foxfire                  Conj/Fire      ####         1%          1    None
 Sandblast                Erth           ####..       1%          1    None
 Conjure Flame            Conj/Fire      ######..     1%          3    None
 Inner Flame              Hex/Fire       #####...     1%          3    None
 Stone Arrow              Conj/Erth      #####.       1%          3    None
 Hailstorm                Conj/Ice       ######..     1%          4    None
 Sticky Flame             Conj/Fire      ######..     1%          4    None
 Ozocubu's Armour         Chrm/Ice       #####...     2%          3    None
 Passwall                 Tmut/Erth      ###.....     4%          2    None
 Lee's Rapid Deconstruct  Erth           ####......   11%         5    ##.....
 Petrify                  Tmut/Erth      ###.....     28%         4    None


Dungeon Overview and Level Annotations

Branches:
Dungeon (11/15)            Temple (0/1) D:4            Lair (6/6) D:8
  Swamp (0/4) Lair:4       Spider (0/4) Lair:2        Slime (0/5) Lair:6
    Orc: D:9-12

Altars:
Dithmenos
Elyvilon
Fedhas
Kikubaaqudgha
Okawaru
Uskayaw
Vehumet
Wu Jian
Xom
The Shining One

Shops:
D:9 !   D:10 *

Annotations:
D:3 1 runed translucent door, Frank's ghost, amateur DsGl
D:5 1 runed translucent door, Edmund; gbos's ghost, novice NaFi
D:9 3 runed translucent doors, Maurice
D:11 Sonja
Lair:5 exclusion: downstairs


Message History

Sonja throws a curare-tipped dart.
The curare-tipped dart closely misses you.
The centaur warrior shoots an arrow.
The arrow misses you.
Sonja throws a curare-tipped dart.
The curare-tipped dart hits you.
You are poisoned.
You have difficulty breathing.
* * * LOW HITPOINT WARNING * * *
You feel yourself slow down.
The centaur warrior shoots an arrow.
The arrow misses you.
You feel better.
Sonja casts a spell.
Sonja blinks!
The centaur warrior shoots an arrow.
The arrow hits you!!
* * * LOW HITPOINT WARNING * * *
The arrow burns you.
* * * LOW HITPOINT WARNING * * *
Sonja throws a curare-tipped dart.
The curare-tipped dart misses you.
The centaur warrior shoots an arrow.
The arrow misses you.
Sonja gestures wildly while chanting.
Sonja blinks!
The centaur warrior shoots an arrow.
The arrow hits you!
You die...

... #..........# ...
#..........+ ...
#######...#######
..#######.##.##...##...##
..#.....................#
..#...))........K.......+
..#..)..................#
..)..................c..#
..#...........<.@((.((..#
†.#####...############'##
#.....#...# ....
#.....#..... ..%...#
#.....#.....# ....c..#
#.....+ ....# ....K...#
#.....# ..K......#
#.....# ..........#
#.....#


You could see a centaur warrior and Sonja.

Vanquished Creatures
  Gastronok (Lair:1)
  A fire dragon (Lair:6)
  A swamp dragon (Lair:6)
  3 lindwurms (Lair:6)
  A wolf spider (Lair:6)
  4 elephants (Lair:6)
  4 black mambas
  A gargoyle (D:11)
  10 spiny frogs
  3 rime drakes
  8 komodo dragons
  A polar bear (Lair:5)
  5 jumping spiders (Lair:2)
  A troll (D:5)
  20 blink frogs
  8 hippogriffs
  2 bog bodies (Lair:4)
  8 dream sheep (Lair:6)
  A redback (Lair:2)
  A wraith (D:10)
  A human (D:7)
  25 yaks
  4 hogs (D:7)
  Eustachio (D:4)
  A basilisk (Lair:6)
  2 steam dragons (Lair:6)
  An acid dragon (Lair:6)
  2 swamp worms (Lair:4)
  6 water moccasins
  6 porcupines
  A swamp drake (Lair:6)
  4 ice beasts
  2 orc warriors
  A sky beast (D:11)
  2 black bears
  A phantom (D:5)
  An ogre (D:6)
  9 wolves
  A necrophage (D:7)
  2 centaurs (D:10)
  10 crocodiles
  3 big kobolds
  7 bullfrogs
  5 scorpions
  3 killer bees (D:7)
  A nameless horror (D:9)
  4 wights (D:11)
  2 electric eels (Lair:4)
  A bullfrog zombie (D:10)
  2 centaur zombies
  3 centaur skeletons
  6 jellies (Lair:6)
  8 orc wizards
  4 orc priests
  3 bullfrog skeletons
  5 hounds
  5 iguanas
  6 worker ants
  5 hell rats (Lair:4)
  A worker ant zombie (D:7)
  12 adders
  A river rat (D:3)
  3 shadow imps
  An ooze (Lair:6)
  3 worms
  2 dart slugs
  5 leopard geckos
  31 orcs
  10 bats
  5 giant cockroaches
  9 goblins
  5 hobgoblins
  19 jackals
  8 quokkas
  A ball python (D:3)
  2 frilled lizards
  A jackal skeleton (D:5)
  17 kobolds
  2 leopard gecko skeletons
  A quokka skeleton (D:10)
  6 rats
  2 fungi
  A plant (Lair:6)
388 creatures vanquished.

Vanquished Creatures (collateral kills)
  8 hydras
  Erica (Lair:1)
  2 two-headed ogres
  2 death yaks (Lair:6)
  4 elephants (Lair:6)
  2 spiny frogs
  A rime drake (Lair:6)
  A komodo dragon (Lair:2)
  2 jumping spiders (Lair:2)
  3 hippogriffs
  8 dream sheep (Lair:6)
  2 blink frogs (Lair:6)
  A redback (Lair:2)
  A wyvern (Lair:5)
  A basilisk (Lair:6)
  14 yaks
  A swamp worm (Lair:4)
  Menkaure (D:5)
  A swamp drake (Lair:6)
  A phantom (D:5)
  6 wolves
  2 ogres
  4 crocodiles
  2 centaurs (D:9)
  A bullfrog (Lair:1)
  Blork the orc (D:5)
  7 jellies (Lair:6)
  A killer bee zombie (D:7)
  A howler monkey zombie (D:5)
  An adder (D:4)
  A shadow imp (D:7)
  A leopard gecko (D:9)
  A giant cockroach (D:5)
  4 jackals (D:9)
  2 kobolds (D:9)
  2 plants (Lair:6)
94 creatures vanquished.

Vanquished Creatures (others)
  29 fungi
  18 plants (Lair:6)
47 creatures vanquished.

Grand Total: 529 creatures vanquished

Notes
Turn   | Place    | Note
-------+----------+-------------------------------------------
     0 | D:1      | nikku the Deep Elf Ice Elementalist began the quest for the
                  | Orb.
     0 | D:1      | Reached XP level 1. HP: 10/10 MP: 6/6
   239 | D:1      | Reached XP level 2. HP: 10/15 MP: 4/8
  1137 | D:2      | Reached XP level 3. HP: 19/19 MP: 10/10
  1142 | D:2      | Found an iron altar of Okawaru.
  1282 | D:2      | Learned a level 3 spell: Frozen Ramparts
  1378 | D:2      | Reached skill level 4 in Spellcasting
  1378 | D:2      | Reached skill level 5 in Ice Magic
  1594 | D:2      | You fall into a shaft and drop 1 floor!
  1639 | D:3      | Found a radiant altar of Vehumet.
  1639 | D:3      | Found a shadowy altar of Dithmenos.
  1640 | D:3      | Found a blossoming altar of Fedhas.
  1645 | D:3      | Became a worshipper of Vehumet
  1686 | D:3      | Reached XP level 4. HP: 13/24 MP: 3/12
  1994 | D:3      | Found a runed translucent door.
  1994 | D:3      | Noticed Frank's ghost (amateur DsGl)
  2135 | D:3      | Learned a level 4 spell: Hailstorm
  2224 | D:2      | Learned a level 4 spell: Summon Ice Beast
  2451 | D:3      | Found a shimmering altar of Xom.
  2511 | D:3      | Reached * piety under Vehumet
  2511 | D:3      | Offered knowledge of Sandblast by Vehumet.
  2558 | D:3      | Reached XP level 5. HP: 28/28 MP: 10/14
  2696 | D:3      | You fall into a shaft and drop 3 floors!
  2719 | D:6      | Noticed an ogre
  2733 | D:6      | Killed an ogre
  2733 | D:6      | Reached skill level 5 in Spellcasting
  2733 | D:6      | Reached skill level 1 in Conjurations
  2733 | D:6      | Reached skill level 1 in Summonings
  2876 | D:6      | Found a glowing golden altar of the Shining One.
  2913 | D:5      | Entered Level 5 of the Dungeon
  2913 | D:5      | Noticed Blork the orc
  2913 | D:5      | Noticed Edmund
  3010 | D:4      | Found a staircase to the Ecumenical Temple.
  3087 | D:4      | Reached XP level 6. HP: 32/32 MP: 11/15
  3327 | D:4      | Got a masterwork glaive
  3328 | D:4      | Identified the +3 glaive of Jetulaz {vorpal, rF+ Dex+4}
                  | (You found it on level 4 of the Dungeon)
  3352 | D:4      | Noticed Eustachio
  3356 | D:4      | Killed Eustachio
  3356 | D:4      | Reached skill level 5 in Dodging
  3380 | D:4      | Reached XP level 7. HP: 36/36 MP: 17/17
  3486 | D:4      | You fall into a shaft and drop 1 floor!
  3486 | D:5      | Noticed a troll
  3503 | D:5      | Noticed a yak
  3514 | D:5      | Killed a troll
  3514 | D:5      | Offered knowledge of Shock by Vehumet.
  3514 | D:5      | Reached skill level 6 in Spellcasting
  3522 | D:5      | Reached ** piety under Vehumet
  3537 | D:5      | Got an ichor-stained ring mail
  3581 | D:5      | Reached XP level 8. HP: 21/41 MP: 1/20
  3752 | D:5      | Learned a level 1 spell: Shock
  3849 | D:5      | Noticed gbos's ghost (novice NaFi)
  3955 | D:5      | Found a runed translucent door.
  4525 | D:4      | Reached skill level 7 in Spellcasting
  4536 | D:4      | Found a white marble altar of Elyvilon.
  4959 | D:4      | Reached skill level 1 in Air Magic
  5324 | D:5      | Noticed Menkaure
  5338 | D:5      | Killed Menkaure
  5723 | D:5      | Killed Blork the orc
  6051 | D:6      | Found a hide-covered altar of Uskayaw.
  6262 | D:6      | Offered knowledge of Searing Ray by Vehumet.
  6547 | D:7      | You fall into a shaft and drop 1 floor!
  6760 | D:8      | Reached *** piety under Vehumet
  6902 | D:7      | Reached XP level 9. HP: 43/45 MP: 17/22
  6962 | D:7      | Found an ornate altar of the Wu Jian Council.
  7178 | D:7      | Found a blossoming altar of Fedhas.
  7282 | D:7      | Reached skill level 5 in Conjurations
  7302 | D:7      | Reached skill level 8 in Spellcasting
  7394 | D:7      | Offered knowledge of Iskenderun's Mystic Blast by Vehumet.
  7395 | D:7      | Reached skill level 5 in Summonings
  7406 | D:7      | Learned a level 4 spell: Iskenderun's Mystic Blast
  7912 | D:7      | Reached skill level 9 in Spellcasting
  8351 | D:8      | Found a staircase to the Lair.
  8373 | D:8      | Reached skill level 1 in Translocations
  8643 | D:8      | Found an ancient bone altar of Kikubaaqudgha.
  8705 | D:8      | Reached XP level 10. HP: 50/50 MP: 23/25
  8801 | D:9      | Identified the +5 ring mail of Honesty {Str+10} (You found
                  | it on level 5 of the Dungeon)
  8860 | D:9      | Noticed a seven-headed hydra
  8871 | D:9      | Killed a seven-headed hydra
  8987 | D:9      | Found a runed translucent gate.
  8996 | D:9      | Found a runed translucent gate.
  8996 | D:9      | Found a runed translucent gate.
  9182 | D:9      | Noticed a two-headed ogre
  9190 | D:9      | Killed a two-headed ogre
  9217 | D:9      | Reached **** piety under Vehumet
  9601 | D:9      | Noticed Maurice
  9748 | D:9      | Found Hot Nahi's Distillery.
  9895 | D:10     | Entered Level 10 of the Dungeon
  9926 | D:10     | Offered knowledge of Airstrike by Vehumet.
  9926 | D:10     | Reached skill level 10 in Spellcasting
 10224 | D:10     | Reached skill level 11 in Spellcasting
 10462 | D:10     | Reached XP level 11. HP: 54/54 MP: 28/28
 10471 | D:10     | Reached skill level 12 in Spellcasting
 10654 | D:10     | Found Keer Voerphu's Island Escapes.
 10728 | D:10     | Noticed a two-headed ogre
 10735 | D:10     | Killed a two-headed ogre
 10937 | D:10     | Bought a scroll of blinking for 105 gold pieces
 10937 | D:10     | Bought a potion of haste for 140 gold pieces
 10937 | D:10     | Bought a scroll of blinking for 105 gold pieces
 11086 | Lair:1   | Entered Level 1 of the Lair of Beasts
 11161 | Lair:1   | Reached skill level 1 in Fighting
 11248 | Lair:1   | Noticed Gastronok
 11283 | Lair:1   | Killed Gastronok
 11306 | Lair:1   | Learned a level 5 spell: Fireball
 11481 | Lair:1   | Noticed Erica
 11526 | Lair:1   | Killed Erica
 11526 | Lair:1   | Reached skill level 1 in Fire Magic
 11744 | Lair:1   | Reached ***** piety under Vehumet
 11952 | Lair:1   | Noticed a six-headed hydra
 11952 | Lair:1   | You fall into a shaft and drop 1 floor!
 12004 | Lair:2   | Offered knowledge of Bolt of Magma by Vehumet.
 12239 | Lair:1   | Killed a six-headed hydra
 12239 | Lair:1   | Reached skill level 13 in Spellcasting
 12582 | Lair:1   | Reached skill level 5 in Translocations
 12905 | Lair:2   | Noticed an eight-headed hydra
 12914 | Lair:2   | Killed an eight-headed hydra
 13074 | Lair:2   | Found a hole to the Spider Nest.
 13083 | Lair:2   | Reached XP level 12. HP: 57/64 MP: 21/31
 14301 | Lair:3   | Reached skill level 5 in Fire Magic
 15111 | Lair:3   | Reached skill level 14 in Spellcasting
 15751 | Lair:4   | Reached skill level 5 in Fighting
 16261 | Lair:4   | Reached skill level 10 in Dodging
 16315 | Lair:4   | Found a staircase to the Swamp.
 16764 | Lair:5   | Noticed a six-headed hydra
 17002 | Lair:5   | Killed a six-headed hydra
 17002 | Lair:5   | Offered knowledge of Iron Shot by Vehumet.
 17566 | Lair:5   | Reached XP level 13. HP: 73/73 MP: 17/33
 18435 | Lair:6   | Entered Level 6 of the Lair of Beasts
 18639 | Lair:6   | Reached skill level 15 in Spellcasting
 19563 | Lair:6   | Learned a level 6 spell: Iron Shot
 20397 | Lair:6   | Offered knowledge of Freezing Cloud by Vehumet.
 20401 | Lair:6   | Found a staircase to the Slime Pits.
 20524 | Lair:6   | Learned a level 6 spell: Freezing Cloud
 20586 | Lair:6   | Reached skill level 1 in Earth Magic
 21108 | Lair:6   | Noticed a dire elephant
 21813 | Lair:6   | Noticed a fire dragon
 22141 | Lair:6   | Killed a fire dragon
 23218 | D:11     | Noticed Sonja
 23235 | D:11     | HP: 1/76 [centaur warrior/arrow (4)]
 23236 | D:11     | Shot with an arrow by a centaur warrior

Illustrated notes

Levels and vault maps discovered:
D:1:      ebering_trefoil_3fold, layout_rooms
D:2:      layout_loops_ring, first_ration, kennysheep_okawaru_gauntlet
D:3:      layout_loops_ring, xom_teletrap_fun,
          gammafunk_temple_overflow_forgotten, gup_sewer_entry_bowl,
          gammafunk_ghost_grave
D:4:      layout_layer_cave, kennysheep_mini, minmay_temple_entry_overgrown,
          uniq_eustachio
D:5:      layout_cave_pools, hellmonk_ghost_happy_afterlife, minmay_manual_mail,
          uniq_menkaure, uniq_blork_the_orc, uniq_edmund
D:6:      layout_loops_cross, lemuel_round_altar, nicolae_tso_carved_into_rock
D:7:      layout_gridville, lemuel_crystal_altar, grunt_livestock,
          fedhas_altar_1
D:8:      layout_rooms, kennysheep_mini_moat, lair_entry_dummy,
          kennysheep_generic_room_11
D:9:      layout_irregular_city, gammafunk_ghost_necromancy, serial_shops, shop,
          uniq_maurice
D:10:     layout_roguey, nicolae_island_escapes
D:11:     layout_gridville, uniq_sonja, uniq_nergalle
Lair:1:   layout_regular_city, gauntlet_entry_generic, lemuel_fruit_tree,
          uniq_gastronok, uniq_erica
Lair:2:   layout_regular_city, nicolae_spider_entry_tight_spaces,
          chequers_serial_rivers_micro_a, grunt_megastairs_4
Lair:3:   layout_regular_city, infiniplex_staircase_pool_2
Lair:4:   layout_hall_layers, nicolae_swamp_entry_splash_gauntlet,
          grunt_forest_small_clearings, infiniplex_staircase_pool,
          grunt_megastairs_5
Lair:5:   layout_gridlike
Lair:6:   guppyfry_lair_end_dragon, layout_loops_ring, hangedman_lair_in_review,
          minmay_slime_entry_jelly_boxes, nicolae_volcano_entry_lava_flow

Skill      XL: |  1  2  3  4  5  6  7  8  9 10 11 12 13 |
---------------+----------------------------------------+-----
Dodging        | 3 4 5 6 7 8 10 11 | 11.9
Spellcasting   | 4 5 6 7 9 11 13 14 15 | 15.9
Ice Magic      | 5 6 7 8 9 |  9.0
Conjurations   | 1 2 3 4 6 8 |  8.7
Summonings     | 1 2 3 4 6 8 9 |  9.0
Air Magic      | 2 3 4 |  4.0
Translocations | 1 3 5 |  5.0
Fighting       | 3 5 7 |  7.0
Fire Magic     | 3 6 8 |  8.0
Earth Magic    | 3 |  3.2
Stealth        | |  2.4

Action                   |  1- 3 |  4- 6 |  7- 9 | 10-12 | 13-15 || total
-------------------------+-------+-------+-------+-------+-------++-------
Melee: Dagger            |     2 |     1 |       |       |       ||     3
       Glaive            |       |     5 |    31 |    45 |    24 ||   105
Throw: Stone             |    85 |    45 |     5 |       |       ||   135
 Cast: Freeze            |    47 |    26 |    41 |    65 |    45 ||   224
       Frozen Ramparts   |     6 |    15 |    32 |    48 |    33 ||   134
       Summon Ice Beast  |       |       |    14 |    79 |    80 ||   173
       Shock             |       |       |   174 |   296 |   126 ||   596
       Iskenderun's Myst |       |       |       |    49 |     7 ||    56
       Fireball          |       |       |       |    16 |    23 ||    39
Evoke: Wand              |       |       |       |       |     1 ||     1
  Use: Scroll            |     2 |    10 |     7 |    15 |     7 ||    41
       Potion            |       |     2 |     1 |     3 |     5 ||    11
 Stab: Distracted        |       |       |       |       |     2 ||     2
  Eat: Chunk             |     2 |     6 |    14 |    24 |    15 ||    61
       Ration            |       |       |     1 |     2 |     1 ||     4
Armor: Robe              |     3 |     4 |     9 |       |       ||    16
       Ring mail         |       |       |       |    61 |    22 ||    83
Dodge: Dodged            |    31 |    20 |    88 |   143 |   111 ||   393
Block: Other             |       |       |     9 |    55 |    27 ||    91
       Reflection        |       |       |       |     6 |     2 ||     8
